 Dungeon Crawl Stone Soup version 0.17.2-1-ge4368a0 (webtiles) character file.

72 Goblin1989 the Ruffian (level 4, -5/41 HPs)
             Began as a Troll Hunter on Sept 27, 2016.
             Slain by a killer bee (6 damage)
             ... on level 7 of the Dungeon.
             The game lasted 00:05:05 (270 turns).

Goblin1989 the Ruffian (Troll Hunter)                Turns: 270, Time: 00:05:05

Health: -5/41      AC:  5    Str: 25    XL:     4   Next: 7%
Magic:  3/3        EV: 15    Int:  7    God:
Gold:   48         SH:  0    Dex: 16    Spells: 0 memorised, 3 levels left

rFire  + . .     SeeInvis .       - Unarmed
rCold  + . .     Clarity  .     b - +0 robe
rNeg   . . .     SustAt   .     (no shield)
rPois  +         Gourm    +     (helmet restricted)
rElec  +         Spirit   .     (no cloak)
rCorr  +         Warding  .     (gloves unavailable)
rMut   .         Stasis   .     (boots unavailable)
MR     .....                    (no amulet)
Stlth  +++.......               (no ring)
                                (no ring)

@: mighty, agile, lethally poisoned (-5 -> -6), resistant, not resistant to
hostile enchantments, fairly stealthy
A: unfitting armour, claws 3, fast metabolism 3, gourmand, regeneration 2,
shaggy fur 1, tough skin 2
a: no special abilities


You were on level 7 of the Dungeon.
You were not hungry.

You visited 1 branch of the dungeon, and saw 7 of its levels.

You collected 48 gold pieces.

Inventory:

Missiles
 c - 5 large rocks (quivered)
 Z - 2 throwing nets
Armour
 b - a +0 robe (worn)
Jewellery
 h - an uncursed amulet of the gourmand {unknown}
Wands
 l - a wand of frost (32)
Scrolls
 d - a scroll of fog {unknown}
 i - a scroll of identify {unknown}
Books
 k - a book of Ice

   Spells                             Type                      Level
   a - Ice Form                       Ice/Transmutation            4
   b - Metabolic Englaciation         Hexes/Ice                    5
   c - Ozocubu's Refrigeration        Ice                          6
   d - Bolt of Cold                   Conjuration/Ice              6
   e - Freezing Cloud                 Conjuration/Ice/Air          6
   f - Simulacrum                     Ice/Necromancy               6
Comestibles
 e - 3 bread rations
 g - a slice of pizza


   Skills:
 - Level 1.5 Fighting
 - Level 3.6 Throwing
 - Level 1.5 Dodging
 - Level 0.4 Stealth
 + Level 3.7 Unarmed Combat


You had 3 spell levels left.
You didn't know any spells.

Dungeon Overview and Level Annotations

Branches:
Dungeon (7/15)
 Temple: D:4-7

Altars:


Innate Abilities, Weirdness & Mutations

You are too large for most types of armour.
You have claws for hands.
Your metabolism is lightning-fast.
You like to eat raw meat.
You heal very quickly.
You are covered in fur (AC +1).
You have very tough skin (AC +2).


Message History

You mangle the killer bee!!
You kill the killer bee!
Your Unarmed Combat skill increases to level 3!
You have reached level 4!
You feel sick.
The killer bee stings you but does no damage.
You barely miss the killer bee.
You feel sick. The killer bee closely misses you.
You closely miss the killer bee.
You feel sick. The killer bee barely misses you. The killer bee stings you.
* * * LOW HITPOINT WARNING * * *
Unknown command.
You barely miss the killer bee.
* * * LOW HITPOINT WARNING * * *
You feel sick. The killer bee misses you. The killer bee closely misses you.
You scratch the killer bee.
The killer bee is moderately wounded.
* * * LOW HITPOINT WARNING * * *
You feel sick. The killer bee stings you.
You die... ਜਜਜਜਜਜਜ

ਜਜ.....ਜਜਜ
ਜਜਜਜਜਜਜ........ਜ
ਜ...)..........ਜ
ਜਜ.ਜਜਜਜਜ........ਜ
.......<......ਜਜਜ
ਜਜ.ਜਜਜਜਜ......ਜਜਜਜਜਜਜਜ
ਜ.............@yyyylਜ
ਜਜਜਜਜਜਜਜਜਜਜਜਜਜਜਜਜਜਜਜ.8.
......§.§§§§§§§$$$$ਜ..Ψ
.ਜਜਜਜਜਜਜਜਜਜਜਜਜਜਜਜਜਜਜ.8.
.§§§§§..§§§§§§§§§..ਜ..Ψ
ਜਜਜਜਜਜਜਜਜਜਜਜਜਜਜਜ8▲8ਜ.8.
ਜਜਜਜਜਜਜਜਜਜਜਜਜਜਜਜਜ.ਜਜ.ਜ.
.. .ਜ


You could see an iguana and 4 killer bees.

Vanquished Creatures
  A killer bee (D:7)
  A hound (D:5)
  A hobgoblin (D:1)
  A kobold (D:1)
4 creatures vanquished.

Notes
Turn   | Place    | Note
--------------------------------------------------------------
     0 | D:1      | Goblin1989 the Troll Hunter began the quest for the Orb.
     0 | D:1      | Reached XP level 1. HP: 19/19 MP: 0/0
   164 | D:3      | Wingboner: Из-за тебя я решил тоже попытаться спидаранить.
   166 | D:3      | Wingboner: !lm xenobreeder
   166 | D:3      | beem: 29492. [2016-09-27 02:10:27] casual the Ducker (L8 VSMo of Cheibriados) killed Menkaure on turn 2686. (D:6)
   166 | D:3      | Goblin1989: круто
   166 | D:3      | Goblin1989: но спидранить нонграфикал это то еще извращение мне кажется
   166 | D:3      | Goblin1989: миникарты=то нет
   189 | D:5      | Entered Level 5 of the Dungeon
   190 | D:5      | Goblin1989: lol
   190 | D:5      | Goblin1989: на сколько же уровней я спущусь перед тем как меня убьют?
   212 | D:5      | Noticed a hound
   221 | D:5      | Killed a hound
   221 | D:5      | Reached XP level 2. HP: 27/27 MP: 1/1
   221 | D:5      | Reached XP level 3. HP: 33/33 MP: 2/2
   228 | D:5      | Wingboner: Ты сраный тролль со сраными камнями.
   230 | D:5      | Wingboner: Не сцать!
   240 | D:6      | Goblin1989: спорим, рядом с той лесницей будет следующая7 :D
   247 | D:7      | Wingboner: Д:9 семиголовая гидра в упор.
   248 | D:7      | Wingboner: Попробую выжить.
   266 | D:7      | Reached XP level 4. HP: 6/41 MP: 3/3
   268 | D:7      | HP: 2/41 [killer bee (3)]
   270 | D:7      | Slain by a killer bee

Action                   |  1- 3 |  4- 6 || total
-------------------------+-------+-------++-------
Melee: Unarmed           |    13 |     4 ||    17
Throw: Throwing net      |     1 |       ||     1
  Use: Potion            |     3 |       ||     3
  Eat: Chunk             |     1 |       ||     1

Vault maps used:
D:1:      onia_arrival_mini_maze, minmay_statues_item
D:2:      ecumenical_altar_2
D:3:      wad_pebble_path, led_xom_imps, uniq_grinder
D:4:      lemuel_crystal_altar, amethyst_overflow_temple_binary,
          minmay_temple_entry_statues_fountains
D:5:      first_bread
D:6:      tso_altar, solitary_fountain, hangedman_decor_riveting,
          nrook_pool_corridor, minivault_27, minmay_misc_feat_more_columns
D:7:      lemuel_ice_spiral_2, demons_altar, lemuel_crystal_altar, serial_shops,
          shop, nicolae_shop_temple_entry_statues_fountains, shop,
          enter_ossuary_1
